 Dungeon Crawl Stone Soup version 0.24.0-125-gc4c63601f3 (webtiles) character file.

Game seed: 13153135699587733880, levelgen mode: deterministic

36909 Edgeworth the Blocker (level 13, -1/118 HPs)
             Began as a Deep Dwarf Fighter on Mar 3, 2020.
             Was a High Priest of Trog.
             Slain by a dire elephant (24 damage)
             ... on level 5 of the Lair of Beasts.
             The game lasted 00:47:28 (12706 turns).

Edgeworth the Blocker (Deep Dwarf Fighter)         Turns: 12706, Time: 00:47:28

Health: -1/118     AC: 22    Str: 28    XL:     13   Next: 55%
Magic:  9/9 (0)    EV: 15    Int: 13    God:    Trog [*****.]
Gold:   1044       SH: 15    Dex: 16    Spells: 12/12 levels left

rFire    + + .     SeeInvis .   H - +6 flail (crush)
rCold    x . .     Gourm    .   c - +1 shield
rNeg     . . .     Faith    .   y - +6 scale mail {MR+}
rPois    +         Spirit   .   r - +2 helmet {Int+3}
rElec    +         Reflect  .   b - +0 cloak of a Gauntlet {rF++ rC- Dex+4}
rCorr    .         Harm     .   m - +0 pair of gloves of Abstinence {rElec}
MR       ++++.                  o - +0 pair of boots
Stlth    ..........             (no amulet)
HPRegen  1.00/turn              D - +4 ring of strength
MPRegen  0.11/turn              I - ring of the Centipede {rPois MP+9}

@: non-regenerating
A: damage resistance, heal wounds, sense surroundings 2, no regeneration
a: Heal Wounds, Berserk, Trog's Hand, Brothers in Arms, Renounce Religion


You were on level 5 of the Lair of Beasts.
You worshipped Trog.
Trog was extremely pleased with you.
You were not hungry.

You visited 2 branches of the dungeon, and saw 19 of its levels.
You also visited: Ossuary and Gauntlet.

You collected 1492 gold pieces.
You spent 448 gold pieces at shops.

Inventory:

Hand Weapons
 H - a +6 flail of crushing (weapon)
Armour
 b - the +0 cloak of a Gauntlet (worn) {rF++ rC- Dex+4}
   (You acquired it on level 2 of the Lair of Beasts)

   It affects your dexterity (+4).
   It greatly protects you from fire.
   It makes you vulnerable to cold.
 c - a +1 shield (worn)
 m - the +0 pair of gloves of Abstinence (worn) {rElec}
   (You bought it in a shop on level 8 of the Dungeon)

   It insulates you from electricity.
 o - a +0 pair of boots (worn)
 r - a +2 helmet of intelligence (worn)
 y - a +6 scale mail of magic resistance (worn)
 O - the +2 cloak "Gicykkioto" {SInv}
   (You found it in a Gauntlet)

   It lets you see invisible.
Jewellery
 D - a +4 ring of strength (left hand)
 I - the ring of the Centipede (right hand) {rPois MP+9}
   (You acquired it on level 11 of the Dungeon)

   [ring of magical power]

   It protects you from poison.
   It affects your magic capacity (+9).
 K - an uncursed ring of flight
 N - an uncursed ring of protection from cold
Wands
 w - a wand of digging (13)
Scrolls
 a - a scroll of identify
 d - a scroll of fear
 g - 3 scrolls of blinking
 s - 10 scrolls of teleportation
 z - 7 scrolls of remove curse
 B - 2 scrolls of magic mapping
 Q - a scroll of summoning
Potions
 e - 3 potions of flight
 h - 4 potions of lignification
 j - 2 potions of mutation
 k - 6 potions of agility
 n - 4 potions of heal wounds
 p - 3 potions of berserk rage
 t - 3 potions of ambrosia
 u - 7 potions of curing
 x - 4 potions of haste
 A - 4 potions of might
 G - a potion of brilliance
 P - a potion of magic
 R - a potion of resistance
Comestibles
 f - 38 rations


   Skills:
 + Level 8.7 Fighting
   Level 9.6(12.7) Axes
 + Level 12.6(13.5) Maces & Flails
 + Level 9.8 Armour
 + Level 7.2 Dodging
 + Level 12.8 Shields


You had 12 spell levels left.
You didn't know any spells.
Your spell library was empty.

Dungeon Overview and Level Annotations

Branches:
Dungeon (13/15)            Temple (0/1) D:4            Lair (6/6) D:8
  Swamp (0/4) Lair:3        Snake (0/4) Lair:2        Slime (0/5) Lair:5
    Orc (0/2) D:10        Ossuary (visited)         Gauntlet (visited)
 Vaults: D:13-14

Altars:
Dithmenos
Elyvilon
Fedhas
Gozag
Hepliaklqana
Okawaru
Qazlal
Ru
Sif Muna
Trog
Wu Jian
Xom
Jiyva

Shops:
D:3 *   D:7 }   D:8 [

Annotations:
D:4 2 runed translucent doors, Kniotic's ghost, amateur DsMo
Lair:6 Kirke


Innate Abilities, Weirdness & Mutations

You are resistant to damage.
You can heal yourself by infusing magical energy.
You passively map the area around you.
You do not regenerate.


Message History

You block the elephant's attack.
The elephant trunk-slaps you but does no damage.
You completely miss the elephant.
The elephant is almost dead.
The elephant closely misses you. You block the elephant's attack.
You sock the elephant!
You kill the elephant!
Trog accepts your kill.
You see here an elephant corpse.
A dire elephant comes into view.
Your skin crawls.
You feel resistant to hostile enchantments.
You feel quite a bit more hungry.
The dire elephant trumpets!
You hit the dire elephant but do no damage.
You block the dire elephant's attack. x2
You hit the dire elephant.
The dire elephant is lightly wounded.
The dire elephant tramples you!!
You die...

#.#......................♣
*,
#.....#....##..........♣♣
#P.......P.###........♣♣ ,
, ##....#...####........♣
#.....†....##........♣,,
*#P...†....##.........♣ ,
#P....#...#.#.........♣ ,
#....###..##Y...... ,
##....##+..@....... * ,
#....?............. ,,,
##................., ,
#................. ,* ,
..................
.................. , *
*........#..##..... *
...#...##### ..... ,
*...#.#.* , .., ,, *


You could see a dire elephant.

Vanquished Creatures
  A minotaur (Gauntlet)
  2 hydras
  A catoblepas (Gauntlet)
  3 death yaks (D:8)
  A tengu warrior (Gauntlet)
  A thrashing horror (Gauntlet)
  An unseen horror (D:10)
  Pikel (D:4)
  An orc knight (D:12)
  4 ugly things
  2 cyclopes
  A centaur zombie (D:12)
  7 elephants (Lair:5)
  2 black mambas
  6 spiny frogs
  A gargoyle (Gauntlet)
  2 komodo dragons (Lair:2)
  A kobold demonologist (D:12)
  2 tengu conjurers (Gauntlet)
  A troll (D:10)
  3 hornets (Lair:3)
  Grinder (D:3)
  14 blink frogs
  2 dream sheep (D:8)
  5 slime creatures (D:12)
  4 small abominations (Gauntlet)
  6 hippogriffs
  Sigmund (D:4)
  12 spriggans (Lair:3)
  2 basilisks
  9 yaks
  Eustachio (D:4)
  Grum (D:11)
  A hungry ghost (D:10)
  3 nagas (Lair:2)
  Edmund (D:6)
  7 water moccasins
  9 porcupines
  A swamp drake (D:10)
  6 orc warriors
  2 sky beasts
  3 ice beasts
  A black bear (D:9)
  7 ogres
  3 phantoms
  3 boggarts (Lair:3)
  4 wolves
  9 centaurs
  5 crocodiles
  6 big kobolds
  7 bullfrogs
  5 scorpions
  A wyvern skeleton (D:7)
  An electric eel (Lair:1)
  13 killer bees
  2 howler monkeys
  9 crimson imps
  3 jellies
  5 hounds
  7 orc priests
  2 bullfrog skeletons
  A centaur skeleton (D:11)
  Ijyb (D:3)
  Terence (D:2)
  3 iguanas
  Natasha (D:3)
  12 orc wizards
  5 worker ants
  2 hound zombies
  A hound skeleton (D:11)
  8 mummies (Ossuary)
  A howler monkey skeleton (D:7)
  A worker ant zombie (D:8)
  7 gnolls
  12 adders
  9 river rats
  2 shadow imps
  4 oozes
  2 worms
  A dart slug (D:3)
  12 leopard geckos
  52 orcs
  A giant cockroach (D:2)
  A gnoll zombie (Ossuary)
  14 hobgoblins
  9 jackals
  14 quokkas
  6 bats
  8 frilled lizards
  A giant cockroach zombie (D:6)
  15 goblins
  3 hobgoblin zombies (Ossuary)
  30 kobolds
  A kobold zombie (Ossuary)
  A leopard gecko skeleton (D:4)
  3 orc zombies (Ossuary)
  24 rats
497 creatures vanquished.

Vanquished Creatures (collateral kills)
  Nessos (Lair:5)
  2 elephants (Lair:5)
  A water moccasin (Lair:5)
4 creatures vanquished.

Vanquished Creatures (others)
  An orc wizard (D:12)
  An orc (D:10)
  A goblin (D:3)
  A frilled lizard (D:4)
  57 fungi
  18 plants (Lair:5)
79 creatures vanquished.

Grand Total: 580 creatures vanquished

Notes
Turn   | Place    | Note
-------+----------+-------------------------------------------
     0 | D:1      | Edgeworth the Deep Dwarf Fighter began the quest for the
                  | Orb.
     0 | D:1      | Reached XP level 1. HP: 20/20 MP: 1/1
    50 | D:1      | Reached XP level 2. HP: 27/27 MP: 2/2
   231 | D:1      | Reached XP level 3. HP: 26/34 MP: 3/3
   556 | D:2      | Noticed Terence
   562 | D:2      | Killed Terence
   566 | D:2      | Reached XP level 4. HP: 31/42 MP: 4/4
   635 | D:2      | Found a bloodstained altar of Trog.
   656 | D:2      | Became a worshipper of Trog the Wrathful
   745 | D:2      | Found a shadowy altar of Dithmenos.
  1136 | D:3      | Noticed a centaur
  1146 | D:3      | Killed a centaur
  1146 | D:3      | Reached XP level 5. HP: 19/49 MP: 5/5
  1213 | D:3      | Noticed Grinder
  1215 | D:3      | Paralysed by Grinder for 6 turns
  1231 | D:3      | Killed Grinder
  1231 | D:3      | Reached skill level 5 in Axes
  1231 | D:3      | Reached XP level 6. HP: 22/56 MP: 6/6
  1276 | D:3      | Reached skill level 1 in Dodging
  1396 | D:3      | Reached * piety under Trog
  1469 | D:3      | Noticed Natasha
  1476 | D:3      | Killed Natasha
  1509 | D:3      | Reached skill level 5 in Armour
  1564 | D:3      | Noticed Ijyb
  1586 | D:3      | Killed Ijyb
  1586 | D:3      | Reached XP level 7. HP: 40/62 MP: 7/7
  1702 | D:3      | Found Gozag's Platinum Reserve.
  1702 | D:3      | Found an opulent altar of Gozag.
  1740 | D:3      | Reached skill level 5 in Shields
  1879 | D:4      | Noticed Pikel
  1900 | D:4      | Killed Pikel
  1916 | D:4      | Found a runed translucent door.
  1918 | D:4      | Noticed Sigmund
  1918 | D:4      | Noticed Kniotic's ghost (amateur DsMo)
  1929 | D:4      | Killed Sigmund
  1929 | D:4      | Reached XP level 8. HP: 62/72 MP: 8/8
  1929 | D:4      | Reached ** piety under Trog
  1965 | D:4      | Found a sand-covered staircase.
  1970 | Ossuary  | Entered an ossuary
  2235 | D:4      | Found a runed translucent door.
  2308 | D:4      | Found a sacrificial altar of Ru.
  2333 | D:4      | Found a blossoming altar of Fedhas.
  2375 | D:4      | Noticed Eustachio
  2388 | D:4      | Found a staircase to the Ecumenical Temple.
  2395 | D:4      | Killed Eustachio
  2660 | D:5      | Entered Level 5 of the Dungeon
  2663 | D:5      | Found a shimmering altar of Xom.
  2713 | D:5      | Found a stormy altar of Qazlal.
  3018 | D:5      | Gained mutation: You passively map the area around you.
                  | [Deep Dwarf growth]
  3018 | D:5      | Reached XP level 9. HP: 50/79 MP: 9/9
  3517 | D:6      | Noticed Edmund
  3539 | D:6      | Killed Edmund
  3542 | D:6      | Reached *** piety under Trog
  3598 | D:6      | Got a crude flail
  3605 | D:6      | Identified the cursed +1 flail of the Fox {holy, Stlth+}
                  | (You found it on level 6 of the Dungeon)
  3606 | D:6      | Found an iron altar of Okawaru.
  3801 | D:6      | Found an ornate altar of the Wu Jian Council.
  3808 | D:6      | Reached skill level 5 in Fighting
  3829 | D:6      | Found a shimmering blue altar of Sif Muna.
  3910 | D:6      | Reached skill level 1 in Maces & Flails
  4393 | D:7      | Found Ucwados's Gadget Boutique.
  4548 | D:7      | Reached **** piety under Trog
  4592 | D:7      | Found a white marble altar of Elyvilon.
  4687 | D:7      | Identified a scroll of acquirement
  5211 | D:8      | Reached XP level 10. HP: 44/88 MP: 9/9
  5311 | D:8      | Found Rojin's Armour Emporium.
  5317 | D:8      | Bought the +0 pair of gloves of Abstinence {rElec} for 240
                  | gold pieces
  5327 | D:8      | Bought a +1 scale mail of magic resistance for 208 gold
                  | pieces
  5460 | D:8      | Reached skill level 5 in Maces & Flails
  5503 | D:8      | Noticed a two-headed hydra
  5516 | D:8      | Killed a two-headed hydra
  5728 | D:8      | Reached ***** piety under Trog
  5925 | D:8      | Noticed a death yak
  5926 | D:8      | Noticed a death yak
  5927 | D:8      | Noticed a death yak
  5940 | D:8      | Killed a death yak
  5948 | D:8      | Killed a death yak
  5958 | D:8      | Killed a death yak
  5958 | D:8      | Reached XP level 11. HP: 53/97 MP: 9/9
  5993 | D:8      | Found a staircase to the Lair.
  6026 | Lair:1   | Entered Level 1 of the Lair of Beasts
  6935 | Lair:2   | Reached skill level 10 in Shields
  7064 | Lair:2   | Found a staircase to the Snake Pit.
  7154 | Lair:2   | Found a blossoming altar of Fedhas.
  7158 | Lair:2   | Noticed a seven-headed hydra
  7169 | Lair:2   | Killed a seven-headed hydra
  7540 | Lair:2   | Got a polished cloak
  7551 | Lair:2   | Identified the +0 cloak of a Gauntlet {rF++ rC- Dex+4} (You
                  | acquired it on level 2 of the Lair of Beasts)
  7572 | Lair:3   | Found a staircase to the Swamp.
  7780 | Lair:3   | Reached skill level 10 in Maces & Flails
  7912 | Lair:3   | Noticed a spriggan rider
  7929 | Lair:3   | Reached XP level 12. HP: 62/109 MP: 8/8
  8226 | Lair:3   | Reached skill level 5 in Dodging
  9517 | D:10     | Entered Level 10 of the Dungeon
  9609 | D:10     | Got a pitted leather armour
  9610 | D:10     | Identified the +1 leather armour of Citob {-Tele MP+9
                  | Dex+2} (You found it on level 10 of the Dungeon)
  9706 | D:10     | Found a staircase to the Orcish Mines.
  9970 | D:10     | Reached ****** piety under Trog
 10306 | D:11     | Found a hazy altar of Hepliaklqana.
 10594 | D:11     | Received a gift from Trog
 10632 | D:11     | Got a pitted steel ring
 10634 | D:11     | Identified the ring of the Centipede {rPois MP+9} (You
                  | acquired it on level 11 of the Dungeon)
 10639 | D:11     | Noticed Grum
 10643 | D:11     | Killed Grum
 11192 | D:12     | Found a gate leading to a gauntlet.
 11206 | Gauntlet | Entered a Gauntlet
 11206 | Gauntlet | Found a transporter.
 11206 | Gauntlet | Found a transporter.
 11210 | Gauntlet | Found a transporter.
 11218 | Gauntlet | Found a transporter.
 11227 | Gauntlet | Found a transporter.
 11237 | Gauntlet | Found a transporter.
 11238 | Gauntlet | Found a transporter.
 11263 | Gauntlet | Found a transporter.
 11264 | Gauntlet | Noticed a catoblepas
 11270 | Gauntlet | Found a transporter.
 11282 | Gauntlet | Found a transporter.
 11289 | Gauntlet | Noticed a tengu warrior
 11304 | Gauntlet | Found a transporter.
 11319 | Gauntlet | Found a transporter.
 11378 | Gauntlet | Received a gift from Trog
 11399 | Gauntlet | Killed a tengu warrior
 11399 | Gauntlet | Reached XP level 13. HP: 58/117 MP: 6/6
 11523 | Gauntlet | Found a transporter.
 11573 | Gauntlet | Got a distressingly furry cloak
 11574 | Gauntlet | Identified the +2 cloak "Gicykkioto" {SInv} (You found it
                  | in a Gauntlet)
 11599 | Gauntlet | Identified the +3 chain mail "Beowoen" {-Cast rC+ Stlth+}
 11599 | Gauntlet | Noticed a minotaur
 11618 | Gauntlet | Killed a minotaur
 11642 | Gauntlet | Identified the Grimoire of Fetching Protection
 12303 | Lair:4   | You fall into a shaft and drop 2 floors!
 12303 | Lair:6   | Entered Level 6 of the Lair of Beasts
 12307 | Lair:6   | Noticed Kirke
 12331 | Lair:5   | Noticed Nessos
 12386 | Lair:5   | Killed Nessos
 12396 | Lair:5   | Found a runed translucent door.
 12397 | Lair:5   | Found a viscous altar of Jiyva.
 12425 | Lair:5   | Found a staircase to the Slime Pits.
 12700 | Lair:5   | Noticed a dire elephant
 12706 | Lair:5   | Slain by a dire elephant

Levels and vault maps discovered:
D:1:      wander_arrival_chamber, layout_basic
D:2:      layout_rooms, lemuel_round_altar, trog_butcher_becter, uniq_terence
D:3:      kennysheep_goblin_castle, layout_rooms,
          nicolae_gozag_zags_fifth_avenue, first_ration, minmay_vboxes,
          uniq_grinder, uniq_natasha
D:4:      layout_cave_pools, fedhas_bush_and_centaur_altar,
          nicolae_overflow_crystal_walls, minmay_temple_entry_tees,
          ebering_ghost_sewer_f, enter_ossuary_5, minmay_starry_boxes,
          uniq_eustachio, uniq_pikel, uniq_sigmund
D:5:      layout_loops_ring, kennysheep_mini_moat,
          nicolae_overflow_hidden_temple, gup_sewer_entry_bowl
D:6:      lemuel_ratsnest, layout_basic, lemuel_doored_altar,
          overflow_temple_1_default, okawaru_altar_gauntlet_db, uniq_edmund
D:7:      layout_loops_ring, elyvilon_altar_5, serial_shops,
          nicolae_shop_waterfront
D:8:      kennysheep_six_static_rooms, layout_basic, dpeg_lair_monsters,
          serial_shops, shop, hangedman_ranch [blue_anna_fruit_fields],
          roderic_roman_lattice, hangedman_decor_riveting,
          chequers_decorated_corner
D:9:      layout_layer_cave, eino_jars
D:10:     layout_irregular_city, erik_orc_1
D:11:     layout_basic, basic_altar, uniq_grum
D:12:     layout_cross, gauntlet_entry_generic
D:13:     layout_roguey, david_vaults_5
Lair:1:   layout_regular_city, chequers_serial_rivers_small_b,
          serial_bayou_shore_a
Lair:2:   layout_regular_city, minmay_snake_entry_guardpost_small, basic_altar,
          grunt_megastairs_5
Lair:3:   kb_forest_paths, layout_chaotic_city, swamp_mist_pool,
          serial_bayou_pond_a, lemuel_fruit_tree
Lair:4:   layout_small_grid, hellmonk_ghost_happy_afterlife
Lair:5:   mu_elephants_graveyard, layout_regular_city, slime_altar_2,
          chequers_serial_rivers_room_b, chequers_serial_rivers_marsh,
          uniq_sonja, uniq_nessos
Lair:6:   due_jungle_book, layout_long_grid, grunt_megastairs_3,
          serial_bayou_shore_b, infiniplex_staircase_pool, uniq_kirke,
          uniq_urug, uniq_rupert

Skill      XL: |  1  2  3  4  5  6  7  8  9 10 11 12 13 |
---------------+----------------------------------------+-----
Fighting       | 3 4 5 6 7 8 |  8.7
Axes           | 3 4 5 7 8 9 |  9.6
Shields        | 4 6 7 8 9 10 12 | 12.8
Armour         | 4 5 6 7 8 9 |  9.8
Dodging        | 1 2 3 4 6 7 |  7.2
Maces & Flails | 4 7 10 12 | 12.6

Action                   |  1- 3 |  4- 6 |  7- 9 | 10-12 | 13-15 || total
-------------------------+-------+-------+-------+-------+-------++-------
Melee: War axe           |   114 |   191 |   240 |       |       ||   545
       Flail             |       |       |   212 |   925 |   247 ||  1384
Invok: Trog's Hand       |       |       |     5 |     7 |     3 ||    15
       Berserk           |       |       |       |     2 |       ||     2
       Brothers in Arms  |       |       |       |       |     1 ||     1
 Abil: Heal Wounds       |       |     3 |     4 |    20 |    13 ||    40
  Use: Potion            |       |     1 |       |       |     3 ||     4
       Scroll            |       |       |    13 |    25 |     5 ||    43
 Stab: Distracted        |       |       |       |     1 |       ||     1
  Eat: Chunk             |       |     3 |    10 |    19 |       ||    32
       Ration            |       |       |     1 |     4 |       ||     5
Armor: Scale mail        |    11 |       |       |   302 |   136 ||   449
       Chain mail        |    39 |   130 |   196 |     9 |       ||   374
Dodge: Dodged            |    25 |    51 |   110 |   383 |   151 ||   720
Block: Shield            |    88 |   119 |   254 |   649 |   223 ||  1333
